 Dungeon Crawl Stone Soup version 0.22-a0-803-gd6d8abe (webtiles) character file.

5534 iamserjio the Destroyer (level 10, 53/53 HPs)
             Began as a Tengu Fire Elementalist on July 22, 2018.
             Was an Initiate of Ru.
             Quit the game on level 3 of the Dungeon.
             The game lasted 00:40:55 (5029 turns).

iamserjio the Destroyer (Tengu Fire Elementalist)   Turns: 5029, Time: 00:40:55

Health: 53/53      AC:  7    Str: 12    XL:     10   Next: 71%
Magic:  22/22      EV: 18    Int: 18    God:    Ru [......]
Gold:   287        SH:  0    Dex: 22    Spells: 8/24 levels left

rFire    . . .     SeeInvis .   v - +2 mace "Hifafiun" {crush, rC+ Dex+4 Stlth+}
rCold    + . .     Gourm    .   (no shield)
rNeg     + . .     Faith    .   j - +2 robe {rN+}
rPois    .         Spirit   .   (helmet restricted)
rElec    .         Reflect  .   q - +2 cloak
rCorr    .         Harm     .   (no gloves)
MR       .....                  (boots unavailable)
Stlth    +++.......             (no amulet)
HPRegen  0.17/turn              g - +2 ring of dexterity
MPRegen  0.18/turn              E - +4 ring of strength

@: no status effects
A: beak, talons 3, able to fly 1
a: Fly, Renounce Religion


You were on level 3 of the Dungeon.
You worshipped Ru.
Ru was noncommittal.
You were hungry.

You visited 2 branches of the dungeon, and saw 10 of its levels.

You collected 457 gold pieces.
You spent 170 gold pieces at shops.

Inventory:

Hand Weapons
 b - a +0 dagger
 d - a +0 mace
 e - a +1 flail of draining
 h - a +1 whip of flaming
 i - a +0 hunting sling of flaming
 m - a +1 short sword of speed
 t - a +3 mace
 v - the +2 mace "Hifafiun" (weapon) {crush, rC+ Dex+4 Stlth+}
   (You found it on level 4 of the Dungeon)

   It inflicts extra damage upon your enemies.
   It affects your dexterity (+4).
   It protects you from cold.
   It makes you more stealthy.
 F - a +2 hand axe of flaming
 K - a cursed -1 dagger
 M - a +5 falchion
 O - a +2 spear of freezing
 S - a +2 vampiric scimitar
 V - a +0 dagger of draining
Missiles
 p - 15 sling bullets
 D - 17 arrows
 N - 5 curare-tipped needles {!f}
Armour
 a - a +0 robe
 j - a +2 robe of positive energy (worn)
 q - a +2 cloak (worn)
 s - a +0 leather armour
 y - a +2 robe of resistance
 I - a +1 pair of gloves
 L - a +2 robe of resistance
Jewellery
 g - a +2 ring of dexterity (left hand)
 E - a +4 ring of strength (right hand)
 Z - an uncursed ring of stealth {unknown}
Wands
 G - a wand of acid (8)
 H - a wand of digging (10)
 Q - a wand of paralysis (23)
Scrolls
 f - 2 scrolls of amnesia
 k - 2 scrolls of enchant armour
 l - a scroll of immolation
 r - a scroll of fog
 A - a scroll of noise
 B - 2 scrolls of brand weapon
 P - 2 scrolls of teleportation
 R - a scroll of acquirement {unknown}
 T - 2 scrolls of magic mapping
 X - a scroll of remove curse {@r2}
Potions
 n - a potion of flight
 o - 3 potions of heal wounds
 u - a potion of ambrosia {unknown}
 w - a potion of magic {unknown}
 x - a potion of resistance {unknown}
 z - 2 potions of brilliance {unknown}
 C - 3 potions of curing {@q1}
 J - 2 potions of haste
 U - a potion of degeneration {unknown}
 Y - a potion of lignification {unknown}
Comestibles
 c - 14 rations


   Skills:
 - Level 2.0 Fighting
 + Level 6.7 Dodging
 - Level 2.0 Stealth
 + Level 7.7 Spellcasting
 + Level 10.4 Conjurations
 * Level 10.1 Fire Magic


You had 8 spell levels left.
You knew the following spells:

 Your Spells              Type           Power        Failure   Level  Hunger
a - Flame Tongue          Conj/Fire      #####        1%          1    None
b - Sticky Flame          Conj/Fire      #####...     1%          4    ###....
c - Fireball              Conj/Fire      #####.....   4%          5    #####..
d - Conjure Flame         Conj/Fire      #####...     1%          3    #......
e - Inner Flame           Hex/Fire       ####....     3%          3    #......

Your spell library contained the following spells:

 Spells                   Type           Power        Failure   Level  Hunger
 Throw Flame              Conj/Fire      #####.       1%          2    None


Dungeon Overview and Level Annotations

Branches:
Dungeon (9/15)             Temple (1/1) D:4            Lair (0/6) D:9
    Orc: D:9-12

Altars:
Ashenzari
Cheibriados
Dithmenos
Fedhas
Makhleb
Nemelex Xobeh
Okawaru
Qazlal
Ru
Sif Muna
Uskayaw
Wu Jian
Zin
The Shining One
Beogh

Shops:
D:9 *


Innate Abilities, Weirdness & Mutations

You have a beak for a mouth.
You have claws for feet.
You can fly.


Message History

There is an open door here.
An adder comes into view.
The adder hisses angrily.
You sock the adder! Your kick misses the adder.
You peck the adder, but do no damage.
The adder is almost dead.
The adder closely misses you. x2
You hit the adder.
You kill the adder!
No target in view!
No target in view!
No target in view!
There is an open door here.
There is a faded altar of an unknown god here.
You cannot tell which god this altar belongs to.
Convert to them anyway?
Okay, then.
You cannot tell which god this altar belongs to.
Convert to them anyway?
Ru accepts your prayer! Ru welcomes you!
Are you sure you want to abandon this character and quit the game? (Confirm with "yes".)

#.# *,..................#
###.###.#*#)...........(...
#.......# #..........#####.
#.#.##### #..........# ###.
#.#...#####..........# #...
#,###.##..†..........# #...
*,#....)#####....##### #...
*,#.#.###.⌠.######8⌠,**#...
*...###...@...#*,,,,,,,##..
###** #.......#*,,,,P8**#..
#..P.P..#*,8,.P8* #..
#####'########.##**#..
#................,,#..
###..........PP.♣*##..
#####......######...
###..#### #.'... #..#*.#
#.#...


There were no monsters in sight!

Vanquished Creatures
  2 two-headed ogres
  Pikel (D:4)
  Sigmund (D:3)
  A spriggan (D:8)
  2 hungry ghosts (D:8)
  Edmund (D:6)
  6 orc warriors
  An ice beast (D:5)
  2 phantoms
  5 sky beasts
  A black bear (D:7)
  A necrophage (D:8)
  2 ogres
  A crocodile (D:7)
  A big kobold (D:7)
  A water moccasin skeleton (D:4)
  5 wights (D:7)
  A killer bee (D:7)
  An electric eel (D:7)
  A bullfrog zombie (D:6)
  3 crimson imps
  A centaur skeleton (D:8)
  5 hounds
  3 orc priests
  An iguana (D:8)
  9 orc wizards
  5 worker ants
  Natasha (D:4)
  A hound skeleton (D:8)
  9 adders
  2 shadow imps
  An ooze (D:4)
  A worm (D:5)
  4 leopard geckos
  38 orcs
  7 giant cockroaches
  6 goblins
  5 hobgoblins
  2 jackals (D:1)
  8 kobolds
  7 quokkas
  3 ball pythons
  9 bats
  3 frilled lizards
  4 rats
175 creatures vanquished.

Vanquished Creatures (others)
  An orc wizard (D:4)
  3 orcs (D:4)
  A quokka skeleton (D:4)
5 creatures vanquished.

Grand Total: 180 creatures vanquished

Notes
Turn   | Place    | Note
-------+----------+-------------------------------------------
     0 | D:1      | iamserjio the Tengu Fire Elementalist began the quest for the Orb.
     0 | D:1      | Reached XP level 1. HP: 10/10 MP: 4/4
    99 | D:1      | Reached XP level 2. HP: 10/15 MP: 0/6
   202 | D:2      | Reached XP level 3. HP: 13/19 MP: 0/7
   456 | D:3      | Noticed Sigmund
   484 | D:3      | Reached XP level 4. HP: 24/24 MP: 1/9
   774 | D:3      | Learned a level 4 spell: Sticky Flame
   809 | D:3      | Gained mutation: You can fly. [Tengu growth]
   809 | D:3      | Reached XP level 5. HP: 23/28 MP: 4/10
   883 | D:4      | Noticed a phantom
   904 | D:4      | Killed a phantom
   904 | D:4      | Reached XP level 6. HP: 26/32 MP: 10/12
   972 | D:4      | Reached skill level 5 in Fire Magic
  1067 | D:4      | Noticed a slave
  1068 | D:4      | Noticed Pikel
  1068 | D:4      | Noticed a slave
  1069 | D:4      | Noticed a slave
  1069 | D:4      | Noticed a slave
  1084 | D:4      | Killed Pikel
  1084 | D:4      | Reached XP level 7. HP: 11/36 MP: 1/15
  1107 | D:4      | Got a bone mace
  1165 | D:4      | Found a stormy altar of Qazlal.
  1167 | D:4      | Found a blossoming altar of Fedhas.
  1219 | D:4      | Found a shattered altar of Ashenzari.
  1374 | D:3      | Killed Sigmund
  1374 | D:3      | Reached skill level 5 in Spellcasting
  1374 | D:3      | Reached XP level 8. HP: 18/41 MP: 0/16
  1415 | D:4      | Noticed Natasha
  1477 | D:4      | Killed Natasha
  1508 | D:5      | Entered Level 5 of the Dungeon
  1613 | D:5      | Identified the +2 mace "Hifafiun" {crush, rC+ Dex+4 Stlth+} (You found it on level 4 of the Dungeon)
  1711 | D:5      | Reached skill level 1 in Fighting
  1803 | D:5      | Found a glowing silver altar of Zin.
  1950 | D:6      | Found a runed door.
  2021 | D:6      | Learned a level 5 spell: Fireball
  2092 | D:6      | Noticed Edmund
  2100 | D:6      | Killed Edmund
  2100 | D:6      | Reached XP level 9. HP: 33/48 MP: 12/18
  2119 | D:6      | Learned a level 3 spell: Conjure Flame
  2123 | D:6      | Learned a level 3 spell: Inner Flame
  2387 | D:6      | Found a roughly hewn altar of Beogh.
  2919 | D:7      | Reached skill level 5 in Dodging
  2932 | D:7      | Found an iron altar of Okawaru.
  3527 | D:4      | Found a staircase to the Ecumenical Temple.
  3538 | Temple   | Entered the Ecumenical Temple
  3769 | D:8      | Reached XP level 10. HP: 50/53 MP: 15/21
  4060 | D:8      | Noticed a two-headed ogre
  4072 | D:8      | Killed a two-headed ogre
  4072 | D:8      | Reached skill level 10 in Conjurations
  4081 | D:8      | Found a sparkling altar of Nemelex Xobeh.
  4506 | D:9      | Found Ybaxzo's General Store.
  4512 | D:9      | Bought 2 potions of heal wounds for 170 gold pieces
  4517 | D:9      | Found a sacrificial altar of Ru.
  4662 | D:9      | Found a staircase to the Lair.
  4722 | D:9      | Noticed a two-headed ogre
  4728 | D:9      | Killed a two-headed ogre
  4728 | D:9      | Reached skill level 10 in Fire Magic
  5009 | D:3      | Found a faded altar of an unknown god.
  5028 | D:3      | Became a worshipper of Ru the Awakened
  5029 | D:3      | Quit the game

Vault maps used:
D:1:      ncdulo_wetmaze, minmay_tall_x
D:2:      grunt_temple_overflow_open, dk_noncrumbling_3
D:3:      chequers_ecumenical_altar_lobes, uniq_sigmund
D:4:      grunt_temple_overflow_forces_of_nature, nicolae_ashenzari_panopticon,
          minmay_temple_entry_poolview, first_ration, uniq_pikel, uniq_natasha
D:5:      basic_altar
D:6:      lightli_church_of_beogh, uniq_edmund
D:7:      kennysheep_mini, kennysheep_cross_room
D:8:      lemuel_crystal_altar, the_bakery, minivault_22
D:9:      lair_entry_dummy, serial_shops, shop, nicolae_ru_awakened_eye
Temple:   nicolae_temple_figure_zero

Skill      XL: |  1  2  3  4  5  6  7  8  9 10 |
---------------+-------------------------------+-----
Conjurations   | 2 3 4 6 8 9 10 | 10.4
Fire Magic     | 4 6 7 8 10 | 10.1
Spellcasting   | 3 4 5 7 |  7.7
Fighting       | 2 |  2.0
Dodging        | 3 5 6 |  6.7
Stealth        | |  2.0

Action                   |  1- 3 |  4- 6 |  7- 9 | 10-12 || total
-------------------------+-------+-------+-------+-------++-------
Melee: Dagger            |    14 |       |       |       ||    14
       Peck              |     1 |     7 |    27 |    11 ||    46
       Mace              |     6 |     2 |   102 |    56 ||   166
       Kick              |     1 |    10 |    41 |    26 ||    78
       Short sword       |       |    45 |    31 |       ||    76
 Fire: Hunting sling     |       |    17 |    88 |       ||   105
 Cast: Flame Tongue      |    38 |    38 |    55 |    23 ||   154
       Sticky Flame      |       |     1 |    23 |     9 ||    33
       Conjure Flame     |       |       |     6 |     1 ||     7
       Fireball          |       |       |     3 |     6 ||     9
Evoke: Wand              |       |       |     1 |       ||     1
  Use: Scroll            |       |     3 |    10 |     4 ||    17
       Potion            |       |     1 |       |       ||     1
 Stab: Sleeping          |     1 |     2 |     7 |     4 ||    14
  Eat: Chunk             |       |     1 |    10 |     3 ||    14
       Ration            |       |       |     1 |     2 ||     3
Armor: Robe              |    16 |    16 |    58 |    14 ||   104
Dodge: Dodged            |    22 |    53 |   125 |    65 ||   265

Table legend:
 A = Spawn XP
 B = Non-spawn XP
 C = Spawn XP percentage of total XP
 D = Spawn monster count
 E = Non-spawn monster count
 F = Spawn count percentage of total count
 G = Total turns spent on level
                    A         B        C        D         E        F      G
               +---------+---------+-------+---------+---------+-------+---------
         Total |       0 |    7907 |   0.0 |       0 |     175 |   0.0 |  5029
               +---------+---------+-------+---------+---------+-------+---------
           D:1 |       0 |      24 |   0.0 |       0 |      16 |   0.0 |   322
           D:2 |       0 |      58 |   0.0 |       0 |      14 |   0.0 |   275
           D:3 |       0 |     384 |   0.0 |       0 |      27 |   0.0 |   467
           D:4 |       0 |     900 |   0.0 |       0 |      14 |   0.0 |   684
           D:5 |       0 |     912 |   0.0 |       0 |      18 |   0.0 |   477
           D:6 |       0 |    1014 |   0.0 |       0 |      29 |   0.0 |   855
           D:7 |       0 |    1260 |   0.0 |       0 |      29 |   0.0 |   791
           D:8 |       0 |    2276 |   0.0 |       0 |      19 |   0.0 |   718
           D:9 |       0 |    1079 |   0.0 |       0 |       9 |   0.0 |   378
               +---------+---------+-------+---------+---------+-------+---------
